 Dungeon Crawl Stone Soup version 0.18.1-48-g4cf74bf (webtiles) character file.

4832 Alarkh the Spear-Bearer (level 10, -4/67 HPs)
             Began as a Mummy Skald on July 23, 2016.
             Was an Initiate of Gozag.
             Hit by a large rock thrown by a cyclops (9 damage)
             ... on level 11 of the Dungeon.
             The game lasted 00:22:16 (10192 turns).

Alarkh the Spear-Bearer (Mummy Skald)              Turns: 10192, Time: 00:22:17

Health: -4/67      AC: 11    Str: 15    XL:     10   Next: 25%
Magic:  0/16       EV: 11    Int: 16    God:    Gozag
Gold:   206        SH:  0    Dex: 11    Spells: 3 memorised, 11 levels left

rFire  x . .     SeeInvis .     a - +2 trident
rCold  + . .     Gourm    .     q - +3 leather armour
rNeg   + + +     Faith    .     (no shield)
rPois  ∞         Spirit   +     g - +0 helmet
rElec  .         Dismiss  .     u - +2 cloak
rCorr  .         Reflect  .     s - +0 pair of gloves
SustAt .         Harm     .     (no boots)
MR     ++...                    f - amulet of guardian spirit
Stlth  +.........               d - ring of protection from magic
                                e - ring of wizardry

@: very resistant to hostile enchantments, very unstealthy
A: no food or potions, fire vulnerability, cold resistance 1, negative energy
resistance 3, torment resistance, unbreathing
a: Potion Petition, Call Merchant, Bribe Branch, Renounce Religion


You were on level 11 of the Dungeon.
You worshipped Gozag.
Gozag was noncommittal.
You were not hungry.

You visited 2 branches of the dungeon, and saw 12 of its levels.
You also visited: Sewer.

You collected 879 gold pieces.
You spent 606 gold pieces at shops.
You paid 67 gold pieces to Gozag.

Inventory:

Hand Weapons
 a - a +2 trident (weapon)
 b - a +2 whip of venom
 l - a +0 spear
 J - a +0 trident
 K - a +1 trident
Missiles
 m - 3 throwing nets (quivered)
Armour
 g - a +0 helmet (worn)
 q - a +3 leather armour (worn)
 s - a +0 pair of gloves (worn)
 u - a +2 cloak (worn)
 M - a +1 leather armour of magic resistance
Jewellery
 d - a ring of protection from magic (right hand)
 e - a ring of wizardry (left hand)
 f - an amulet of guardian spirit (around neck)
 i - an uncursed ring of stealth
 j - an uncursed ring of protection from cold
 y - an uncursed ring of flight
 A - an uncursed ring of ice
Wands
 o - a wand of iceblast (5/15)
 r - a wand of slowing (20/48)
 w - a wand of flame (12/48)
 x - a wand of confusion (37/48)
 z - a wand of paralysis (14/24)
 I - a wand of lightning (7/15)
Scrolls
 h - a scroll of fog
 k - 3 scrolls of recharging
 n - 5 scrolls of teleportation
 p - 3 scrolls of magic mapping
 t - 2 scrolls of blinking
 v - a scroll of random uselessness
 B - 2 scrolls of amnesia
 C - a scroll of fear
 G - a scroll of remove curse
 H - 2 scrolls of identify
Books
 c - a book of Battle

   Spells                             Type                      Level
   a - Infusion                       Charms                       1
   b - Shroud of Golubria             Charms/Translocation         2
   c - Song of Slaying                Charms                       2
   d - Spectral Weapon                Hexes/Charms                 3
   e - Regeneration                   Charms/Necromancy            3
 D - a book of Maledictions

   Spells                             Type                      Level
   a - Corona                         Hexes                        1
   b - Ensorcelled Hibernation        Hexes/Ice                    2
   c - Confuse                        Hexes                        3
   d - Tukima's Dance                 Hexes                        3
   e - Dazzling Spray                 Conjuration/Hexes            3
 E - a book of Dreams

   Spells                             Type                      Level
   a - Ensorcelled Hibernation        Hexes/Ice                    2
   b - Silence                        Hexes/Air                    5
   c - Darkness                       Hexes                        6
   d - Shadow Creatures               Summoning                    6
 F - a book of Conjurations

   Spells                             Type                      Level
   a - Magic Dart                     Conjuration                  1
   b - Searing Ray                    Conjuration                  2
   c - Dazzling Spray                 Conjuration/Hexes            3
   d - Fulminant Prism                Conjuration/Hexes            4
   e - Iskenderun's Mystic Blast      Conjuration                  4
   f - Iskenderun's Battlesphere      Conjuration/Charms           5
 N - a book of Debilitation

   Spells                             Type                      Level
   a - Corona                         Hexes                        1
   b - Slow                           Hexes                        2
   c - Gell's Gravitas                Hexes/Translocation          3
   d - Inner Flame                    Hexes/Fire                   3
   e - Cause Fear                     Hexes                        4
   f - Leda's Liquefaction            Hexes/Earth                  4
Miscellaneous
 L - a plain deck of defence {the Elixir}


   Skills:
 - Level 2.0 Fighting
 + Level 11.5 Polearms
 - Level 0.7 Armour
 - Level 0.7 Dodging
 + Level 4.3 Spellcasting
 + Level 4.4 Charms


You had 11 spell levels left.
You knew the following spells:

 Your Spells              Type           Power        Failure   Level  Hunger
a - Infusion              Chrm           ###.         1%          1    N/A
b - Shroud of Golubria    Chrm/Tloc      ##........   6%          2    N/A
c - Spectral Weapon       Hex/Chrm       ##......     12%         3    N/A

Dungeon Overview and Level Annotations

Branches:
Dungeon (11/15)            Temple (1/1) D:6            Lair (0/8) D:11
    Orc: D:9-12

Altars:
Ashenzari
Cheibriados
Dithmenos
Elyvilon
Fedhas
Gozag
Kikubaaqudgha
Makhleb
Nemelex Xobeh
Okawaru
Pakellas
Qazlal
Ru
Sif Muna
Trog
Vehumet
Xom
Yredelemnul
Zin
The Shining One

Shops:
D:6 =?((   D:8 %

Annotations:
D:6 1 exclusion


Innate Abilities, Weirdness & Mutations

You do not eat or drink.
Your flesh is vulnerable to fire.
You are immune to poison.
Your flesh is cold resistant.
You are immune to negative energy.
You are immune to unholy pain and torment.
You can survive without breathing.


Message History

There is a stone staircase leading up here.
Your surroundings suddenly seem different.
The cyclops throws a large rock.
The large rock hits you!
Found a large rock, a greatsling and a potion of curing.
Found a staircase to the Lair.
A cyclops and a skeleton come into view.
You see here a large rock.
The cyclops throws a large rock.
The large rock hits you!
You see here a large rock.
The cyclops throws a large rock.
The large rock hits you!!
* * * LOW HITPOINT WARNING * * *
You see here a large rock.
The howler monkey skeleton misses you.
The howler monkey skeleton bites you but does no damage.
The cyclops throws a large rock.
The large rock hits you!
* * * LOW HITPOINT WARNING * * *
You see here a large rock.
The cyclops throws a large rock.
The large rock hits you!
You die...
Your body crumbles into a pile of gold.

$ ## .####
..C.##
######.... .#
##...#...##
....#>........##
#....@.......#
##....(Z(((..#
.........!....)#
#####.........##
##...#...##
#########


You could see a cyclops and a howler monkey skeleton.

Vanquished Creatures
  A hill giant (D:9)
  A troll (D:9)
  Grinder (Temple)
  Sigmund (D:6)
  2 humans (D:8)
  2 hippogriffs
  A hungry ghost (D:9)
  An ice beast (D:8)
  A phantom (D:6)
  An orc warrior (D:7)
  An ogre (D:7)
  A sky beast (D:5)
  2 centaurs
  A big kobold (D:6)
  3 giant frogs
  5 scorpions
  A wyvern skeleton (D:7)
  5 killer bees
  5 wights (D:9)
  4 crimson imps (D:5)
  A centaur zombie (D:6)
  3 quasits
  A giant frog zombie (D:7)
  3 orc priests
  7 hounds
  2 giant frog skeletons
  Ijyb (D:3)
  Terence (D:2)
  3 iguanas
  6 orc wizards
  9 worker ants
  A worker ant zombie (D:8)
  Robin (D:2)
  10 gnolls
  A howler monkey skeleton (D:7)
  13 adders
  An ooze (D:2)
  An adder zombie (D:7)
  3 adder skeletons
  2 worms
  A dart slug (D:5)
  4 giant geckos
  17 orcs
  2 ball pythons
  11 giant cockroaches
  7 goblins
  11 hobgoblins
  18 jackals
  10 kobolds
  5 quokkas
  3 bats
  10 giant newts
  A quokka skeleton (D:8)
  13 rats
  4 plants (Sewer)
227 creatures vanquished.

Vanquished Creatures (others)
  5 spectral weapons
5 creatures vanquished.

Grand Total: 232 creatures vanquished

Notes
Turn   | Place    | Note
--------------------------------------------------------------
     0 | D:1      | Alarkh the Mummy Skald began the quest for the Orb.
     0 | D:1      | Reached XP level 1. HP: 16/16 MP: 3/3
   159 | D:1      | Reached skill level 2 in Polearms
   267 | D:1      | Reached XP level 2. HP: 16/22 MP: 0/5
   523 | D:2      | Learned a level 2 spell: Shroud of Golubria
   541 | D:2      | Noticed Terence
   911 | D:2      | Reached XP level 3. HP: 17/27 MP: 0/6
   975 | D:1      | Learned a level 3 spell: Spectral Weapon
  1054 | D:2      | Reached skill level 3 in Polearms
  1075 | D:2      | Noticed Robin
  1120 | D:2      | Killed Robin
  1247 | D:2      | Reached XP level 4. HP: 29/33 MP: 3/7
  1260 | D:2      | HP: 1/33 [gnoll/hand axe (2)]
  1706 | D:2      | Reached skill level 4 in Polearms
  1723 | D:2      | Found a shattered altar of Ashenzari.
  1863 | D:2      | Killed Terence
  1863 | D:2      | Reached XP level 5. HP: 30/38 MP: 1/8
  2216 | D:3      | Noticed Ijyb
  2230 | D:3      | Killed Ijyb
  2511 | D:3      | Reached skill level 5 in Polearms
  3132 | D:4      | Reached XP level 6. HP: 38/44 MP: 5/9
  3139 | D:4      | Found a radiant altar of Vehumet.
  3139 | D:4      | Found a blossoming altar of Fedhas.
  3806 | D:4      | Reached skill level 6 in Polearms
  3929 | D:5      | Entered Level 5 of the Dungeon
  3981 | D:5      | Reached XP level 7. HP: 34/50 MP: 5/10
  3998 | D:5      | Found a white marble altar of Elyvilon.
  4052 | D:5      | Found a basalt altar of Yredelemnul.
  4210 | D:5      | Reached skill level 7 in Polearms
  4350 | D:5      | Found a bloodstained altar of Trog.
  4476 | D:6      | Reached skill level 8 in Polearms
  4476 | D:6      | Reached XP level 8. HP: 56/56 MP: 7/11
  4479 | D:6      | Found a glowing drain.
  4546 | Sewer    | Entered a sewer
  5291 | D:6      | Found Qoroexaf's Magic Scroll Shoppe.
  5316 | D:6      | Found Ribanog's Magic Scroll Boutique.
  5324 | D:6      | Found Okaepoy's Antique Weapon Shoppe.
  5439 | D:6      | Found a staircase to the Ecumenical Temple.
  5439 | D:6      | Noticed Grinder
  5448 | Temple   | Entered the Ecumenical Temple
  5484 | Temple   | Became a worshipper of Gozag Ym Sagoz the Greedy
  5496 | Temple   | Killed Grinder
  5496 | Temple   | Reached skill level 9 in Polearms
  5758 | D:6      | Found Nebojy's Jewellery Boutique.
  5839 | D:6      | Noticed Sigmund
  5963 | D:6      | Found a shadowy altar of Dithmenos.
  5991 | D:6      | Found Lodgheto's Antique Weapon Shoppe.
  6089 | D:6      | Killed Sigmund
  6134 | D:6      | Reached skill level 10 in Polearms
  6134 | D:6      | Reached XP level 9. HP: 57/61 MP: 5/12
  6169 | D:6      | Bought an uncursed ring of flight for 210 gold pieces
  6440 | D:7      | Found a white marble altar of Elyvilon.
  7353 | D:7      | Found an iron altar of Okawaru.
  8066 | D:7      | Reached skill level 11 in Polearms
  8539 | D:8      | Found Huiho's Food Emporium.
  8730 | D:8      | Found an iron altar of Okawaru.
  9437 | D:9      | Noticed a troll
  9492 | D:9      | Killed a troll
  9492 | D:9      | Reached XP level 10. HP: 67/67 MP: 12/15
  9635 | D:6      | Bought a scroll of identify for 24 gold pieces
  9635 | D:6      | Bought a scroll of fear for 42 gold pieces
  9635 | D:6      | Bought a scroll of teleportation for 36 gold pieces
  9635 | D:6      | Bought a scroll of remove curse for 36 gold pieces
  9635 | D:6      | Bought a scroll of blinking for 90 gold pieces
  9635 | D:6      | Bought a scroll of teleportation for 36 gold pieces
  9635 | D:6      | Bought 2 scrolls of identify for 48 gold pieces
  9635 | D:6      | Bought a scroll of magic mapping for 42 gold pieces
  9635 | D:6      | Bought a scroll of magic mapping for 42 gold pieces
  9748 | D:9      | Noticed a hill giant
  9765 | D:9      | Killed a hill giant
 10135 | D:10     | Entered Level 10 of the Dungeon
 10179 | D:11     | Noticed a death knight
 10187 | D:11     | Found a staircase to the Lair.
 10188 | D:11     | Noticed a cyclops
 10192 | D:11     | Hit by a large rock thrown by a cyclops

Skill      XL: |  1  2  3  4  5  6  7  8  9 10 |
---------------+-------------------------------+-----
Polearms       | 2 3 4 5 6 8 10 11 | 11.5
Charms         | 3 4 |  4.4
Spellcasting   | 3 4 |  4.3
Fighting       | |  2.0
Armour         | |  0.7
Dodging        | |  0.7

Action                   |  1- 3 |  4- 6 |  7- 9 | 10-12 || total
-------------------------+-------+-------+-------+-------++-------
Melee: Spear             |    97 |    57 |       |       ||   154
       Trident           |       |   155 |   632 |    58 ||   845
 Cast: Infusion          |    11 |     5 |     1 |       ||    17
       Spectral Weapon   |     4 |    19 |    67 |     6 ||    96
       Shroud of Golubri |       |     1 |     1 |       ||     2
 Abil: Evoke Flight      |       |       |     1 |       ||     1
Evoke: Wand              |       |       |     4 |     3 ||     7
  Use: Scroll            |       |     4 |    11 |     5 ||    20
 Stab: Sleeping          |     1 |     7 |     2 |       ||    10
       Distracted        |       |       |     2 |       ||     2
       Paralysed         |       |       |    11 |       ||    11
       Confused          |       |       |       |     3 ||     3
Armor: Leather armour    |    10 |    54 |   233 |     6 ||   303
       Ring mail         |       |       |     3 |     7 ||    10
Dodge: Dodged            |    44 |   110 |   246 |    13 ||   413
